AoeStats
← PedronzerA

Arabia

510450672Analyzed
1v1 RM · 2d ago on Oct 1, 2026· 51m 59s· 2 players
Game mode
Random Map
Map size
Tiny (2 player)
Population
200
Speed
Normal
Resources
Standard
Victory
Conquest
Starting age
Dark Age
Ending age
Imperial Age
RankedLock teamsTeams togetherTeam positionsShared explorationLock speedFull tech treeHidden civsTurbo modeCheats
Victory
Defeat
🇧🇷 Burgundians · Brazil
979
+14
🇧🇷 Franks · Brazil
944
-14
M.Lutero
0:26 Loom
9:52 Feudal Age
11:28 Double-Bit Axe
21:34 Castle Age
21:12 Scale Mail Armor
21:09 Fletching
23:43 Wheelbarrow
22:32 Pikeman
23:28 Gold Mining
24:43 Bow Saw
26:53 Squires
28:08 Padded Archer Armor
29:52 Husbandry
30:01 Crossbowman
31:03 Leather Archer Armor
32:53 Gambesons
33:38 Chain Mail Armor
33:35 Forging
34:24 Ballistics
35:20 Bodkin Arrow
35:49 Light Cavalry
37:25 Iron Casting
38:13 Scale Barding Armor
42:01 Masonry
43:59 Chain Barding Armor
44:34 Murder Holes
49:48 Imperial Age
47:34 Hand Cart
47:04 Town Watch
50:01 Cavalier
PedronzerA
2:25 Loom
10:04 Feudal Age
10:46 Double-Bit Axe
19:29 Scale Barding Armor
24:13 Castle Age
24:12 Forging
24:18 Cavalier
25:21 Gold Mining
26:42 Chain Barding Armor
32:38 Gold Shaft Mining
32:19 Bow Saw
36:22 Iron Casting
43:24 Imperial Age
43:51 Burgundian Vineyards
44:25 Paladin
50:36 Plate Barding Armor
Connection lost

Rejoining the realm…

Still unreachable

The connection could not be restored.

Session expired

The server has moved on; the page needs a fresh start.